 Dungeon Crawl Stone Soup version 0.23.1 (webtiles) character file.

Game seed: 17740096581518845894

1869 Borgoz the Ducker (level 9, -5/73 HPs)
             Began as a Ghoul Enchanter on Mar 3, 2019.
             Slain by an orc warrior
             ... wielding a +0 flail
              (14 damage)
             ... on level 6 of the Dungeon.
             The game lasted 00:11:45 (5566 turns).

Borgoz the Ducker (Ghoul Enchanter)                 Turns: 5566, Time: 00:11:45

Health: -5/73      AC:  9    Str: 12    XL:     9   Next: 13%
Magic:  9/12       EV: 14    Int: 10    God:
Gold:   327        SH:  0    Dex: 12    Spells: 7/13 levels left

rFire    . . .     SeeInvis +   C - +2 dagger (venom)
rCold    + . .     Gourm    .   (no shield)
rNeg     + + +     Faith    .   y - +3 leather armour
rPois    ∞         Spirit   .   h - +2 hat
rElec    .         Reflect  .   o - +0 cloak
rCorr    .         Harm     .   (no gloves)
MR       .....                  (no boots)
Stlth    ++........             (no amulet)
HPRegen  0.00/turn              l - ring of see invisible
MPRegen  0.13/turn              A - ring of wizardry

@: very slightly contaminated, rotting, hasted, very quick
A: rotting body, claws 1, carnivore, cold resistance 1, negative energy
resistance 3, inhibited regeneration, torment resistance, unbreathing
a: no special abilities


You were on level 6 of the Dungeon.
You were not hungry.

You visited 1 branch of the dungeon, and saw 6 of its levels.

You collected 327 gold pieces.

Inventory:

Hand Weapons
 C - a +2 dagger of venom (weapon)
Missiles
 c - 14 tomahawks (quivered)
 v - 2 javelins
Armour
 h - a +2 hat (worn)
 o - a +0 cloak (worn)
 y - a +3 leather armour (worn)
 B - a +1 robe of magic resistance
Jewellery
 l - a ring of see invisible (left claw)
 A - a ring of wizardry (right claw)
Wands
 D - a wand of polymorph (8)
Scrolls
 b - 2 scrolls of blinking {unknown}
 g - 2 scrolls of magic mapping {unknown}
 i - a scroll of remove curse
 m - a scroll of immolation {unknown}
 n - a scroll of fog {unknown}
 q - 3 scrolls of amnesia {unknown}
 r - 4 scrolls of teleportation {unknown}
 s - a scroll of random uselessness {unknown}
 w - 2 scrolls of fear {unknown}
 x - 2 scrolls of enchant armour {unknown}
 z - a scroll of enchant weapon {unknown}
 E - a scroll of identify
Potions
 e - a potion of haste
 f - a potion of degeneration {unknown}
 k - 2 potions of agility {unknown}
 p - a potion of flight
 t - 2 potions of brilliance
 u - a potion of curing {unknown}
Comestibles
 a - 2 chunks of flesh
 d - 9 rations


   Skills:
 + Level 4.9 Fighting
 + Level 4.2 Short Blades
 + Level 4.1 Armour
 * Level 6.4 Dodging
 + Level 4.5 Stealth
 + Level 2.7 Spellcasting
 + Level 3.2 Hexes


You had 7 spell levels left.
You knew the following spells:

 Your Spells              Type           Power        Failure   Level  Hunger
a - Corona                Hex            #......      4%          1    ##.....
b - Ensorcelled Hibernat  Hex/Ice        #.....       12%         2    ###....
c - Confuse               Hex            #.......     12%         3    ####...

Your spell library contained the following spells:

 Spells                   Type           Power        Failure   Level  Hunger
 Tukima's Dance           Hex            #.......     12%         3    ####...
 Dazzling Spray           Conj/Hex       #.....       22%         3    ####...


Dungeon Overview and Level Annotations

Branches:
Dungeon (6/15)
 Temple: D:4-7

Altars:
Okawaru
Yredelemnul


Innate Abilities, Weirdness & Mutations

Your body is rotting away.
You thrive on raw meat.
You are immune to poison.
You have sharp fingernails.
You are carnivorous and can eat meat at any time.
Your flesh is cold resistant. (rC+)
You are immune to negative energy. (rN+++)
You do not regenerate when monsters are visible.
You are immune to unholy pain and torment.
You can survive without breathing.


Message History

It was a potion of haste.
You feel yourself speed up. The orc warrior barely misses you.
You hit the orc warrior but do no damage.
The orc warrior is severely wounded.
You hit the orc warrior.
The orc warrior looks as sick as possible!
The orc warrior is severely wounded.
The orc warrior hits you with a +0 flail.
* * * LOW HITPOINT WARNING * * *
You closely miss the orc warrior.
The orc warrior is almost dead.
Cast which spell? (? or * to list)
Aiming: Confuse (safe; 12% risk of failure)
Press: ? - help, Shift-Dir - straight line, f - orc warrior
Aim: an orc warrior, wielding a +0 flail and wearing a +0 chain mail (almost dead, poisoned, chance to defeat MR: 38%)
You miscast Confuse.
You are very lightly contaminated with residual magic.
Your claws glow momentarily.
The orc warrior hits you with a +0 flail!
You die...

#.....####..#.
#.##...........#.
#.##..##.........
#.##...........#.
#.##.#...........
#####
#.#....##.######.
.....###..).#.##.#
#.
.#####..........##.#
##
.........@.........#
#
........##o#####...#
..#.###..#.###
###..... ##...).#
#.####
#.........##.#
#............#
#............#
############..


You could see an orc warrior.

Vanquished Creatures
  Pikel (D:3)
  Sigmund (D:5)
  An orc warrior (D:5)
  A slave (D:4)
  An ice beast (D:5)
  An ogre (D:6)
  A centaur (D:6)
  A bullfrog (D:6)
  A gnoll sergeant (D:5)
  2 scorpions
  2 crimson imps (D:6)
  2 jellies (D:5)
  3 hounds
  A gnoll shaman (D:5)
  4 orc priests
  An iguana (D:3)
  An orc wizard (D:6)
  3 worker ants
  7 gnolls (D:5)
  6 adders (D:3)
  An ooze (D:3)
  An adder zombie (D:5)
  A worm (D:3)
  2 dart slugs
  A leopard gecko (D:3)
  18 orcs
  A ball python (D:4)
  5 giant cockroaches
  7 goblins
  3 hobgoblins (D:1)
  5 jackals
  5 kobolds
  A quokka (D:6)
  A bat (D:3)
  2 frilled lizards
  A jackal skeleton (D:3)
  A leopard gecko skeleton (D:4)
  A quokka skeleton (D:6)
  A quokka zombie (D:6)
  6 rats
105 creatures vanquished.

Vanquished Creatures (others)
  An orc wizard (D:6)
1 creature vanquished.

Grand Total: 106 creatures vanquished

Notes
Turn   | Place    | Note
-------+----------+-------------------------------------------
     0 | D:1      | Borgoz the Ghoul Enchanter began the quest for the Orb.
     0 | D:1      | Reached XP level 1. HP: 14/14 MP: 2/2
    70 | D:1      | Reached skill level 2 in Dodging
   120 | D:1      | Reached skill level 1 in Short Blades
   170 | D:1      | Reached XP level 2. HP: 20/21 MP: 3/3
  1003 | D:2      | Learned a level 2 spell: Ensorcelled Hibernation
  1029 | D:2      | Reached skill level 1 in Fighting
  1029 | D:2      | Reached XP level 3. HP: 27/27 MP: 4/4
  1192 | D:3      | Reached skill level 1 in Armour
  1331 | D:3      | Reached XP level 4. HP: 20/35 MP: 5/5
  1382 | D:3      | Found a basalt altar of Yredelemnul.
  1506 | D:3      | Found an iron altar of Okawaru.
  1512 | D:3      | Reached skill level 3 in Dodging
  1536 | D:3      | Reached XP level 5. HP: 25/41 MP: 6/6
  1735 | D:3      | Found a faded altar of an unknown god.
  2265 | D:4      | Reached XP level 6. HP: 41/50 MP: 7/7
  2371 | D:4      | Noticed a slave
  2371 | D:4      | Noticed a slave
  2371 | D:4      | Noticed Pikel
  2373 | D:4      | Noticed a slave
  2385 | D:4      | Noticed a slave
  2396 | D:4      | Killed a slave
  3079 | D:4      | Learned a level 3 spell: Confuse
  3288 | D:3      | Killed Pikel
  3288 | D:3      | Reached skill level 4 in Dodging
  3288 | D:3      | Reached XP level 7. HP: 26/56 MP: 8/8
  3677 | D:5      | Entered Level 5 of the Dungeon
  3701 | D:5      | Reached skill level 5 in Dodging
  3729 | D:5      | Noticed Sigmund
  3750 | D:5      | Killed Sigmund
  3750 | D:5      | Reached XP level 8. HP: 61/66 MP: 9/9
  4875 | D:6      | HP: 3/67 [orc priest/divine providence (12)]
  4876 | D:6      | Reached skill level 6 in Dodging
  5244 | D:6      | Reached XP level 9. HP: 26/72 MP: 11/11
  5566 | D:6      | Slain by an orc warrior

Skill      XL: |  1  2  3  4  5  6  7  8 |
---------------+-------------------------+-----
Dodging        | 2 3 4 5 6 |  6.4
Short Blades   | 1 2 3 4 |  4.2
Fighting       | 1 2 3 4 |  4.9
Armour         | 1 2 3 4 |  4.1
Spellcasting   | 2 |  2.7
Stealth        | 4 |  4.5
Hexes          | 3 |  3.2

Action                   |  1- 3 |  4- 6 |  7- 9 || total
-------------------------+-------+-------+-------++-------
Melee: Dagger            |   114 |   126 |   288 ||   528
  Use: Scroll            |     1 |     4 |       ||     5
       Potion            |       |     1 |     4 ||     5
 Stab: Sleeping          |     1 |     2 |     2 ||     5
  Eat: Chunk             |     8 |     6 |    16 ||    30
Armor: Robe              |    41 |     6 |       ||    47
       Leather armour    |       |    23 |    79 ||   102
Dodge: Dodged            |    65 |    81 |   206 ||   352
